 Dungeon Crawl Stone Soup version 0.32-a0-900-g30fb1b0edc (webtiles) character file.

Game seed: 8313318279656584932

662 partyrob117 the Cleaver (level 7, 0/62 HPs)
             Began as a Minotaur Fighter on Apr 5, 2024.
             Was an Initiate of the Shining One.
             Slain by a lemure (2 damage)
             ... led by Pikel
             ... on level 6 of the Dungeon.
             The game lasted 00:07:21 (3733 turns).

partyrob117 the Cleaver (Minotaur Fighter)          Turns: 3733, Time: 00:07:22

Health: 0/62       AC: 12    Str: 22    XL:     7   Next: 30%
Magic:  6/6        EV:  7    Int:  5    God:    the Shining One [......]
Gold:   159        SH:  4    Dex: 10    Spells: 6/6 levels left

rFire   . . .        a - +0 war axe
rCold   . . .        c - +0 buckler
rNeg    . . .        g - +0 chain mail
rPois   .            (helmet restricted)
rElec   .            j - scarf {+Inv}
rCorr   .            n - +0 pair of gloves
SInv    .            o - +1 pair of boots
Will    .....        (no amulet) Stlth
                     (no ring)
HPRegen 0.30/turn    (no ring)
MPRegen 0.10/turn

%: no passive effects
@: glowing
A: horns 2, retaliatory headbutt
a: Renounce Religion, Evoke Invisibility


You were on level 6 of the Dungeon.
You worshipped the Shining One.
The Shining One was noncommittal.
You visited 1 branch of the dungeon, and saw 6 of its levels.

You collected 159 gold pieces.

Inventory:

Hand Weapons
 a - a +0 war axe (weapon)
Armour
 c - a +0 buckler (worn)
 g - a +0 chain mail (worn)
 j - a scarf of invisibility (worn)
 n - a +0 pair of gloves (worn)
 o - a +1 pair of boots (worn)
Wands
 p - a wand of roots (11) (quivered)
Scrolls
 e - a scroll of revelation {unknown}
 f - 2 scrolls of noise {unknown}
 h - 3 scrolls of teleportation {unknown}
 k - a scroll of amnesia {unknown}
 m - a scroll of vulnerability {unknown}
 q - a scroll of fog {unknown}
 s - 2 scrolls of butterflies {unknown}
 t - a scroll of fear {unknown}
 u - 3 scrolls of identify {unknown}
 x - a scroll of enchant armour {unknown}
Potions
 b - a potion of haste {unknown}
 d - a potion of might
 i - a potion of brilliance {unknown}
 l - 3 potions of heal wounds {unknown}
 r - a potion of invisibility {unknown}
 v - 2 potions of curing {unknown}
 w - a potion of magic {unknown}
 z - a potion of degeneration {unknown}


   Skills:
 + Level 5.9 Fighting
 + Level 8.2 Axes
 - Level 3.8 Armour
 + Level 1.0 Dodging
 + Level 0.6 Stealth
 - Level 3.8 Shields


You had 6 spell levels left.
You didn't know any spells.
Your spell library contained the following spells:

 Spells                   Type           Power      Damage    Failure   Level
 Summon Small Mammal      Summ           0%         N/A       99%         1
 Call Canine Familiar     Summ           0%         N/A       100%        3
 Summon Blazeheart Golem  Fire/Summ      0%         N/A       100%        4


Dungeon Overview and Level Annotations

Branches:
Dungeon (6/15)
 Temple: D:4-7

Altars:
Ashenzari
Nemelex Xobeh
The Shining One

Shops:
D:2 :

Portals:
Abyss: D:5

Annotations:
D:3 2 transporters, Doorstop00's ghost, amateur MiBe
D:5 2 transporters, Squishy's ghost, novice HuFi
D:6 Pikel


Innate Abilities, Weirdness & Mutations

You have a pair of horns on your head.
You reflexively headbutt those who attack you in melee.


Message History

The lemure hits you but does no damage. Pikel hits you but does no damage.
You slash Pikel!
Pikel is heavily wounded.
You hit the lemure but do no damage. You barely miss the lemure.
You hit the lemure. x2; The lemure hits you but does no damage.
You block the lemure's attack. The lemure hits you. The lemure hits you!
Pikel hits you with a +1 whip of electrocution.
You are electrocuted!
* * * LOW HITPOINT WARNING * * *
Okay, then.
You slash Pikel! Your headbutt misses Pikel.
Pikel is almost dead.
You hit the lemure but do no damage. You hit the lemure.
You hit the lemure but do no damage. You hit the lemure.
The lemure hits you but does no damage. x4; Pikel closely misses you.
You furiously retaliate!
You headbutt Pikel. You barely miss Pikel. You headbutt Pikel.
Pikel is almost dead.
You barely miss the lemure. You hit the lemure. You slash the lemure!
You kill the lemure!
That felt strangely unrewarding.
You slash the lemure! You block the lemure's attack.
Pikel hits you with a +1 whip of electrocution.
* * * LOW HITPOINT WARNING * * *
The lemure hits you but does no damage. x2
You barely miss Pikel. Your headbutt misses Pikel.
Pikel is almost dead.
You slash the lemure! You completely miss the lemure. You hit the lemure.
The lemure hits you.
* * * LOW HITPOINT WARNING * * *
Pikel hits you but does no damage.
The lemure hits you but does no damage. x2
The lemure hits you.
* * * LOW HITPOINT WARNING * * *
You barely miss Pikel.
Pikel is almost dead.
You hit the lemure. x2; You slash the lemure!
Pikel hits you with a +1 whip of electrocution.
* * * LOW HITPOINT WARNING * * *
The lemure hits you but does no damage. x3; The lemure hits you.
You die...

#...♣ ~~~..
.#
##.P..~~~...
...#.........
#...[..♣.:. #
.......P♣(.#
#......♣
####<#
##..5.#
#..@..#
#.55K..#
##.........
###......#
.......#
#........
.......#.
.......


You could see Pikel and 3 lemures.

Vanquished Creatures
  A lemure (D:6)
  3 scorpions
  A bombardier beetle (D:4)
  3 hounds
  4 jellies
  A sleepcap (D:3)
  Jessica (D:2)
  Terence (D:2)
  6 adders
  A shadow imp (D:5)
  A ribbon worm (D:3)
  A dart slug (D:1)
  8 orcs
  12 ball pythons
  8 endoplasms
  A giant cockroach (D:1)
  3 goblins
  10 hobgoblins
  6 jackals
  4 quokkas
  3 bats
  5 frilled lizards
  8 kobolds
  7 rats
99 creatures vanquished.

Notes
Turn   | Place    | Note
-------+----------+-------------------------------------------
     0 | D:1      | partyrob117 the Minotaur Fighter began the quest for the
                  | Orb.
     0 | D:1      | Reached XP level 1. HP: 19/19 MP: 0/0
    89 | D:1      | Reached XP level 2. HP: 25/27 MP: 1/1
   229 | D:1      | Reached skill level 3 in Axes
   449 | D:1      | Reached XP level 3. HP: 27/33 MP: 2/2
  1113 | D:2      | Noticed Terence
  1125 | D:2      | Killed Terence
  1126 | D:2      | Reached skill level 4 in Axes
  1126 | D:2      | Reached XP level 4. HP: 32/41 MP: 3/3
  1273 | D:2      | Found a faded altar of an unknown god.
  1287 | D:2      | Found Jiyp's Book Emporium.
  1646 | D:2      | Noticed Jessica
  1651 | D:2      | Killed Jessica
  1869 | D:3      | Reached skill level 5 in Axes
  1869 | D:3      | Reached XP level 5. HP: 42/47 MP: 4/4
  1946 | D:3      | Found a transporter.
  1946 | D:3      | Noticed Doorstop00's ghost (amateur MiBe)
  1949 | D:3      | Found a transporter.
  2285 | D:3      | Reached skill level 5 in Fighting
  2586 | D:4      | Reached skill level 6 in Axes
  2586 | D:4      | Reached skill level 1 in Dodging
  2614 | D:4      | Reached XP level 6. HP: 56/56 MP: 5/5
  2826 | D:4      | Reached skill level 7 in Axes
  3121 | D:4      | Reached XP level 7. HP: 61/61 MP: 6/6
  3158 | D:4      | Found a sparkling altar of Nemelex Xobeh.
  3161 | D:4      | Found a glowing golden altar of the Shining One.
  3165 | D:4      | Became a worshipper of the Shining One
  3170 | D:4      | Found a broken altar of Ashenzari.
  3405 | D:5      | Entered Level 5 of the Dungeon
  3604 | D:5      | Found a transporter.
  3623 | D:5      | Found a one-way gate to the infinite horrors of the Abyss.
  3635 | D:5      | Noticed Squishy's ghost (novice HuFi)
  3646 | D:5      | Found a transporter.
  3667 | D:5      | Reached skill level 8 in Axes
  3721 | D:6      | Noticed Pikel
  3733 | D:6      | HP: 2/62 [Pikel/+1 whip of electrocution (2)]
  3733 | D:6      | Slain by a lemure

Illustrated notes

Levels and vault maps discovered:
D:1:      roderic_chinese_lattice_arrival, layout_loops_cross,
          nicolae_houndstooth_variations
D:2:      layout_loops_corners, chequers_ecumenical_altar_simple_redux,
          serial_shops, nicolae_shop_waterfront, uniq_jessica, uniq_terence
D:3:      minmay_evil_eye, layout_basic, gammafunk_ghost_mausoleum,
          grunt_ministairs_15
D:4:      layout_rooms, grunt_temple_overflow_diamond, chequers_avenue,
          grunt_decor_fettered
D:5:      layout_basic, gammafunk_ghost_abyssal_escape, hellmonk_no_cap
D:6:      layout_cave_pools, enter_ossuary_5, serial_bayou_pond_a,
          feat_on_display, uniq_pikel

Skill      XL: |  1  2  3  4  5  6  7 |
---------------+----------------------+-----
Fighting       | 4 5 |  5.9
Axes           | 3 4 5 6 7 8 |  8.2
Dodging        | 1 |  1.0
Armour         | |  3.8
Stealth        | |  0.6
Shields        | |  3.8

Action                     |  1- 3 |  4- 6 |  7- 9 || total
---------------------------+-------+-------+-------++-------
  Melee: War axe           |    87 |   111 |    36 ||   234
         Headbutt          |     9 |    13 |     3 ||    25
  Evoke: Wand              |       |     2 |       ||     2
 Armour: Scale mail        |    26 |       |       ||    26
         Chain mail        |    37 |    73 |    50 ||   160
  Dodge: Dodged            |    35 |    36 |    11 ||    82
  Block: Buckler           |    16 |    23 |     5 ||    44

Table legend: (Time is in decaauts)
 A = Elapsed time spent in this place.
 B = Non-inter-level travel time spent in this place.
 C = Inter-level travel time spent in this place.
 D = Time resting spent in this place.
 E = Time spent auto-exploring this place.
 F = Levels seen in this place.
 G = Mean time per level.
                   A        B        C        D        E       F      G
               +--------+--------+--------+--------+--------+-----+--------+
         Total |   3800 |   3623 |    177 |      0 |   3005 |   6 |  633.3 |
       Dungeon |   3800 |   3623 |    177 |      0 |   3005 |   6 |  633.3 |
               +--------+--------+--------+--------+--------+-----+--------+

Top non-repeatable levels by time:
     D:2: 896 daAuts
     D:3: 889 daAuts
     D:1: 845 daAuts
     D:4: 836 daAuts
     D:5: 319 daAuts
     D:6: 12 daAuts
